 Dungeon Crawl Stone Soup version 0.25-a0-413-g3b4b6a4ccc (webtiles) character file.

Game seed: 400153492640270239, levelgen mode: deterministic

14667 godzilla5595 the Severer (level 11, -1/101 HPs)
             Began as a Minotaur Berserker on Jan 15, 2020.
             Was a High Priest of Trog.
             Slain by a spriggan rider
             ... wielding the +6 spear "Noschueju" {freeze, *Corrode +Inv rElec SInv}
              (3 damage)
             ... on level 2 of the Lair of Beasts.
             The game lasted 00:54:52 (9784 turns).

godzilla5595 the Severer (Minotaur Berserker)       Turns: 9784, Time: 00:54:52

Health: -1/101     AC: 25    Str: 27    XL:     11   Next: 91%
Magic:  0/10       EV:  9    Int:  4    God:    Trog [*****.]
Gold:   679        SH:  0    Dex: 10    Spells: 10/10 levels left

rFire    . . .     SeeInvis .   a - +6 battleaxe (flame)
rCold    + . .     Gourm    .   (shield currently unavailable)
rNeg     . . .     Faith    .   x - +0 plate armour
rPois    +         Spirit   .   (helmet restricted)
rElec    .         Reflect  .   t - +1 cloak {rPois}
rCorr    .         Harm     .   n - +0 pair of gloves
MR       ++...                  (no boots)
Stlth    ..........             (no amulet)
HPRegen  1.26/turn              p - +4 ring of protection
MPRegen  0.12/turn              o - +2 ring of strength

@: berserk cooldown, regenerating, slowed, studying Throwing, very slow
A: retaliatory headbutt, horns 2, thin metallic scales 1, cold resistance 1,
wild magic 1
a: Berserk, Trog's Hand, Brothers in Arms, Renounce Religion


You were on level 2 of the Lair of Beasts.
You worshipped Trog.
Trog was extremely pleased with you.
You were not hungry.

You visited 3 branches of the dungeon, and saw 13 of its levels.
You also visited: Ossuary.

You collected 679 gold pieces.

Inventory:

Hand Weapons
 a - a +6 battleaxe of flaming (weapon)
 r - a +4 flail of protection
 v - a +4 battleaxe
 z - a +2 antimagic executioner's axe
 E - a +2 arbalest of velocity
 I - a +2 antimagic long sword
Missiles
 f - 8 boomerangs of dispersal (quivered)
Armour
 n - a +0 pair of gloves (worn)
 t - a +1 cloak of poison resistance (worn)
 x - a +0 plate armour (worn)
 H - a +1 chain mail of poison resistance
 J - a +2 cloak of invisibility
Jewellery
 k - an uncursed ring of positive energy
 o - a +2 ring of strength (right hand)
 p - a +4 ring of protection (left hand)
 q - an uncursed ring of see invisible
 B - an uncursed ring of resist corrosion
 C - an uncursed ring of flight {unknown}
 F - a +4 ring of dexterity {unknown}
 G - an uncursed ring of protection from cold {unknown}
Wands
 b - a wand of digging (8)
 j - a wand of polymorph (5)
 l - a wand of scattershot (7)
 u - a wand of iceblast (5)
 L - a wand of enslavement (11)
Scrolls
 d - 4 scrolls of fear
 g - a scroll of teleportation
 h - 2 scrolls of magic mapping
 i - 5 scrolls of remove curse
 s - 3 scrolls of immolation
 y - 2 scrolls of amnesia
 A - 2 scrolls of vulnerability
Potions
 e - a potion of heal wounds
 m - 2 potions of flight
 w - 2 potions of curing
 D - 2 potions of haste
Books
 K - a manual of Throwing
Comestibles
 c - 29 rations
 M - 2 chunks of flesh


   Skills:
 + Level 10.5 Fighting
 + Level 15.0(15.6) Axes
 + Level 7.7(12.3) Maces & Flails
 + Level 11.3 Armour
 + Level 4.2 Dodging
 + Level 1.4 Stealth


You had 10 spell levels left.
You didn't know any spells.
Your spell library was empty.

Dungeon Overview and Level Annotations

Branches:
Dungeon (10/15)            Temple (1/1) D:5            Lair (2/6) D:10
Ossuary (visited)
  Swamp: Lair:2-4    Shoals: Lair:2-4     Snake: Lair:2-4    Spider: Lair:2-4
    Orc: D:9-12

Altars:
Ashenzari
Cheibriados
Dithmenos
Elyvilon
Fedhas
Gozag
Hepliaklqana
Kikubaaqudgha
Makhleb
Nemelex Xobeh
Okawaru
Qazlal
Ru
Sif Muna
Trog
Uskayaw
Vehumet
Wu Jian
Xom
Yredelemnul
Zin
The Shining One

Annotations:
Lair:2 1 transporter, Piu's ghost, journeyman BaCj


Innate Abilities, Weirdness & Mutations

You reflexively headbutt those who attack you in melee.
You have a pair of horns on your head.
You are partially covered in thin metallic scales. (AC +2)
Your flesh is cold resistant. (rC+)
Your spells are a little harder to cast, but a little more powerful.


Message History

* * * LOW HITPOINT WARNING * * *
The spriggan hits you but does no damage.
The spriggan barely misses you. You furiously retaliate!
You headbutt the spriggan!
The spriggan rider hits you but does no damage.
The spriggan hits you with a +0 short sword.
* * * LOW HITPOINT WARNING * * *
The spriggan hits you with the cursed +3 spear "Seest" {antimagic, +Blink +Fly rF+}!
* * * LOW HITPOINT WARNING * * *
You feel your power leaking away.
You feel better.
The spriggan rider hits you with the +6 spear "Noschueju" {freeze, *Corrode +Inv rElec SInv}!
* * * LOW HITPOINT WARNING * * *
The spriggan rider freezes you.
* * * LOW HITPOINT WARNING * * *
The spriggan hits you but does no damage.
The spriggan rider hits you with the +6 spear "Noschueju" {freeze, *Corrode +Inv rElec SInv}!
* * * LOW HITPOINT WARNING * * *
The spriggan rider freezes you.
You die...

..<.≈.........#####............
≈≈≈.≈.......###...###..........
≈≈≈≈≈≈≈....##iW..#.###.........
≈≈≈≈≈≈.....##....#####.........
≈≈≈≈≈≈...##.###.#§#.##........
≈≈≈≈....#).#≈..[##..#....#.#.
≈≈≈....©#©.y#._[....#©....###
...###..#..ii.$)#...#.....#..
.P....#.##Wi@.#≈##.##........
##....#..#....# #..#.....#..>
#.....##.##...##.###......#..
##....#÷..###.©.###........##
#.....+....#####...#....##.#
#..#..#............PP....... #
#.###.....................
...........................
#...#.#.#.P###P###########P.


You could see a spriggan rider (berserk), a moth of wrath, 2 spriggans and Piu's
ghost.

Vanquished Creatures
  3 two-headed ogres
  2 hydras
  A black mamba (Lair:2)
  3 spiny frogs
  Psyche (D:8)
  A komodo dragon (Lair:1)
  A troll (D:10)
  2 hornets
  2 dream sheep (D:8)
  3 hippogriffs
  A spriggan (Lair:2)
  A wraith (Ossuary)
  7 yaks
  Eustachio (D:5)
  2 hungry ghosts (D:10)
  2 basilisks (Lair:1)
  2 water moccasins (D:10)
  A porcupine (Lair:1)
  A hornet zombie (D:10)
  3 ice beasts
  4 orc warriors
  5 sky beasts
  A phantom (D:5)
  3 ogres
  3 centaurs
  8 crocodiles
  3 big kobolds (D:8)
  9 bullfrogs
  5 scorpions
  14 killer bees
  2 electric eels (D:10)
  3 howler monkeys
  3 crimson imps
  A bullfrog zombie (D:7)
  2 quasits
  12 orc wizards
  5 orc priests
  Crazy Yiuf (D:6)
  3 centaur skeletons
  12 hounds
  Jessica (D:2)
  2 iguanas
  6 worker ants
  A hound skeleton (D:9)
  A mummy (Ossuary)
  2 worker ant zombies (D:8)
  5 gnolls
  9 adders
  2 shadow imps
  An ooze (D:4)
  3 worms (D:4)
  A dart slug (D:1)
  3 leopard geckos
  25 orcs
  6 bats
  7 giant cockroaches
  11 goblins
  9 hobgoblins
  5 jackals
  3 kobolds
  4 quokkas
  A ball python zombie (D:5)
  4 frilled lizards
  8 gnoll skeletons (Ossuary)
  7 kobold skeletons (Ossuary)
  A leopard gecko skeleton (D:8)
  10 orc skeletons (Ossuary)
  8 rats
  A fungus (D:6)
  A plant (Lair:1)
287 creatures vanquished.

Notes
Turn   | Place    | Note
-------+----------+-------------------------------------------
     0 | D:1      | godzilla5595 the Minotaur Berserker began the quest for the
                  | Orb.
     0 | D:1      | Reached XP level 1. HP: 19/19 MP: 0/0
    14 | D:1      | Reached XP level 2. HP: 22/27 MP: 1/1
    16 | D:1      | Reached skill level 4 in Axes
   612 | D:1      | Reached XP level 3. HP: 33/33 MP: 2/2
  1057 | D:2      | Gained mutation: Your body sometimes deteriorates upon
                  | taking damage. [potion of mutation]
  1057 | D:2      | Gained mutation: You are partially covered in thin metallic
                  | scales. (AC +2) [potion of mutation]
  1069 | D:2      | Found a shattered altar of Ashenzari.
  1143 | D:2      | Noticed Jessica
  1146 | D:2      | Reached ** piety under Trog
  1148 | D:2      | Killed Jessica
  1241 | D:2      | Reached XP level 4. HP: 41/41 MP: 3/3
  1275 | D:2      | Reached skill level 5 in Axes
  1797 | D:3      | Reached skill level 5 in Fighting
  1800 | D:3      | Reached XP level 5. HP: 39/48 MP: 4/4
  2454 | D:4      | Noticed an ogre
  2459 | D:4      | Reached skill level 6 in Axes
  2463 | D:4      | Reached XP level 6. HP: 51/56 MP: 5/5
  2645 | D:4      | Reached *** piety under Trog
  2645 | D:4      | Reached skill level 7 in Axes
  2665 | D:4      | Reached XP level 7. HP: 15/62 MP: 6/6
  3281 | D:5      | Entered Level 5 of the Dungeon
  3338 | D:5      | Noticed Eustachio
  3351 | D:5      | Killed Eustachio
  3351 | D:5      | Reached skill level 8 in Axes
  3422 | D:5      | Found a white marble altar of Elyvilon.
  3491 | D:5      | Found a staircase to the Ecumenical Temple.
  3733 | D:5      | Reached skill level 5 in Armour
  3965 | Temple   | Entered the Ecumenical Temple
  4398 | D:6      | Reached XP level 8. HP: 70/70 MP: 7/7
  4491 | D:6      | Reached skill level 9 in Axes
  4511 | D:6      | Found a runed translucent door.
  4512 | D:6      | Noticed Crazy Yiuf
  4518 | D:6      | Killed Crazy Yiuf
  4636 | D:6      | Reached skill level 1 in Stealth
  4643 | D:6      | Reached **** piety under Trog
  5022 | D:7      | Reached skill level 1 in Maces & Flails
  5055 | D:7      | Found a sand-covered staircase.
  5072 | Ossuary  | Entered an ossuary
  5362 | Ossuary  | Lost mutation: Your body sometimes deteriorates upon taking
                  | damage. [potion of mutation]
  5362 | Ossuary  | Lost mutation: You are partially covered in thin metallic
                  | scales. (AC +2) [potion of mutation]
  5362 | Ossuary  | Gained mutation: You are dopey. (Int -2) [potion of
                  | mutation]
  5362 | Ossuary  | Gained mutation: You are weak. (Str -2) [potion of
                  | mutation]
  5362 | Ossuary  | Gained mutation: Your natural rate of healing is unusually
                  | fast. [potion of mutation]
  5363 | Ossuary  | Lost intelligence.
  5401 | D:7      | Found a stormy altar of Qazlal.
  5937 | D:8      | Reached XP level 9. HP: 78/78 MP: 8/8
  5951 | D:8      | Reached ***** piety under Trog
  5951 | D:8      | Received a gift from Trog
  5953 | D:8      | Reached skill level 5 in Maces & Flails
  6070 | D:8      | Noticed Psyche
  6079 | D:8      | Killed Psyche
  6183 | D:8      | Lost mutation: Your natural rate of healing is unusually
                  | fast. [potion of mutation]
  6183 | D:8      | Lost mutation: You are weak. (Str -2) [potion of mutation]
  6183 | D:8      | Gained mutation: You have large cloven feet. [potion of
                  | mutation]
  6244 | D:8      | Reached skill level 10 in Axes
  6309 | D:8      | Paralysed by a hornet for 2 turns
  6512 | D:8      | Noticed a two-headed ogre
  6517 | D:8      | Killed a two-headed ogre
  6517 | D:8      | Reached XP level 10. HP: 89/89 MP: 9/9
  6631 | D:8      | Reached skill level 11 in Axes
  6703 | D:8      | Noticed a three-headed hydra
  6708 | D:8      | Killed a one-headed hydra
  6708 | D:8      | Reached skill level 12 in Axes
  6903 | D:9      | Noticed a two-headed ogre
  6913 | D:9      | Killed a two-headed ogre
  6999 | D:9      | Noticed a two-headed ogre
  7004 | D:9      | Killed a two-headed ogre
  7004 | D:9      | Reached skill level 13 in Axes
  7055 | D:9      | Reached XP level 11. HP: 87/97 MP: 10/10
  7118 | D:9      | Received a gift from Trog
  7133 | D:9      | Reached skill level 10 in Armour
  7535 | D:10     | Entered Level 10 of the Dungeon
  8048 | D:10     | Reached skill level 14 in Axes
  8066 | D:10     | Reached skill level 10 in Fighting
  8215 | D:10     | Found a staircase to the Lair.
  8224 | Lair:1   | Entered Level 1 of the Lair of Beasts
  8479 | Lair:1   | Noticed a seven-headed hydra
  8485 | Lair:1   | Killed a four-headed hydra
  8854 | Lair:1   | Received a gift from Trog
  9373 | Lair:2   | Lost mutation: You have large cloven feet. [potion of
                  | mutation]
  9373 | Lair:2   | Lost mutation: You are dopey. (Int -2) [potion of mutation]
  9373 | Lair:2   | Gained mutation: Your spells are a little harder to cast,
                  | but a little more powerful. [potion of mutation]
  9373 | Lair:2   | Gained mutation: You are partially covered in thin metallic
                  | scales. (AC +2) [potion of mutation]
  9373 | Lair:2   | Gained mutation: Your flesh is cold resistant. (rC+)
                  | [potion of mutation]
  9670 | Lair:2   | Found a transporter.
  9676 | Lair:2   | Found a bloodstained altar of Trog.
  9676 | Lair:2   | Identified the cursed +3 spear "Seest" {antimagic, +Blink
                  | +Fly rF+}
  9676 | Lair:2   | Noticed a spriggan rider
  9676 | Lair:2   | Noticed Piu's ghost (journeyman BaCj)
  9678 | Lair:2   | Found a transporter.
  9709 | Lair:2   | Identified the +6 spear "Noschueju" {freeze, *Corrode +Inv
                  | rElec SInv}
  9709 | Lair:2   | Noticed a spriggan rider
  9759 | Lair:2   | Reached skill level 15 in Axes
  9784 | Lair:2   | HP: 2/101 [spriggan rider/the +6 spear "Noschueju" {freeze,
                  | *Corrode +Inv rElec SInv} (16)]
  9784 | Lair:2   | Slain by a spriggan rider

Levels and vault maps discovered:
D:1:      lightli_arrival_statue_moat, layout_loops_ring,
          hangedman_decor_clover_reticule, chequers_serial_rivers_micro_e,
          minmay_3d_cube
D:2:      layout_loops_cross, st_stairs_14, evilmike_ruin_ashenzari,
          uniq_jessica
D:3:      layout_loops_ring, first_ration, hangedman_abyss_or_decor_lesser_grid,
          minmay_diced_spiral
D:4:      layout_rooms, uniq_menkaure
D:5:      layout_loops_corners, minmay_temple_entry_stoned_glass,
          elyvilon_altar_3, uniq_eustachio
D:6:      layout_cave_pools, uniq_crazy_yiuf_cottage
D:7:      minmay_chambers_of_fours, layout_loops_ring, grunt_qazlal_clouds,
          enter_ossuary_1
D:8:      layout_basic, hangedman_ranch [blue_anna_fruit_fields], st_stairs_14,
          uniq_psyche
D:9:      layout_roguey
D:10:     layout_small_grid, erik_lair_island
Temple:   compressed_dpeg_circular_temple
Lair:1:   layout_gridlike, grunt_megastairs_3
Lair:2:   minmay_guarded_unrand_snakebite, layout_regular_city,
          minmay_shoals_entry_beasts, gammafunk_ghost_wrathful_warriors,
          infiniplex_staircase_pool

Skill      XL: |  1  2  3  4  5  6  7  8  9 10 11 |
---------------+----------------------------------+-----
Fighting       | 4 5 6 8 9 10 | 10.5
Axes           | 4 5 6 7 8 9 10 13 15 | 15.0
Armour         | 3 4 5 7 8 9 11 | 11.3
Dodging        | 3 4 |  4.2
Stealth        | 1 |  1.4
Maces & Flails | 4 7 |  7.7

Action                   |  1- 3 |  4- 6 |  7- 9 | 10-12 || total
-------------------------+-------+-------+-------+-------++-------
Melee: Hand axe          |    47 |    14 |       |       ||    61
       Headbutt          |     8 |    17 |    54 |    39 ||   118
       War axe           |       |    79 |    62 |       ||   141
       Flail             |       |       |   145 |       ||   145
       Battleaxe         |       |       |    56 |   208 ||   264
       Kick              |       |       |     9 |    40 ||    49
Invok: Berserk           |       |     1 |     6 |     4 ||    11
       Trog's Hand       |       |       |       |     1 ||     1
  Use: Scroll            |     4 |     5 |     9 |     6 ||    24
       Potion            |     4 |     2 |     3 |     9 ||    18
 Stab: Sleeping          |     1 |       |       |       ||     1
       Invisible         |       |       |     1 |     1 ||     2
  Eat: Chunk             |     1 |     5 |    12 |     8 ||    26
       Ration            |       |       |     2 |     3 ||     5
Armor: Animal skin       |     5 |     1 |       |       ||     6
       Ring mail         |       |     9 |       |       ||     9
       Scale mail        |       |    26 |     2 |       ||    28
       Chain mail        |       |       |   151 |       ||   151
       Plate armour      |       |       |    33 |   159 ||   192
Dodge: Dodged            |    29 |    65 |   131 |    95 ||   320

Table legend:
 A = Non-vault XP
 B = Vault XP
 C = Vault XP percentage of total XP
 D = Non-vault monster count
 E = Vault monster count
 F = Vault count percentage of total count
                 A         B        C        D         E       F
            +---------+---------+-------+---------+---------+-------
      Total |   16671 |    4283 |  20.4 |     224 |      61 |  21.4
            +---------+---------+-------+---------+---------+-------
        D:1 |      36 |       9 |  20.0 |      13 |       5 |  27.8
        D:2 |      43 |      39 |  47.6 |      13 |       2 |  13.3
        D:3 |     113 |       1 |   0.9 |      29 |       1 |   3.3
        D:4 |     583 |       0 |   0.0 |      21 |       0 |   0.0
        D:5 |     221 |     202 |  47.8 |       6 |       1 |  14.3
        D:6 |     747 |      40 |   5.1 |      22 |       1 |   4.3
        D:7 |     136 |      91 |  40.1 |       6 |       4 |  40.0
        D:8 |    3447 |    2697 |  43.9 |      43 |      10 |  18.9
        D:9 |    3861 |       0 |   0.0 |      23 |       0 |   0.0
       D:10 |    2389 |     613 |  20.4 |      26 |       8 |  23.5
     Lair:1 |    2932 |     107 |   3.5 |      11 |       1 |   8.3
     Lair:2 |    2163 |     224 |   9.4 |      11 |       1 |   8.3
    Ossuary |       0 |     260 | 100.0 |       0 |      27 | 100.0
            +---------+---------+-------+---------+---------+-------
